Match 45060595
Unlisted

Match 45060595
End
Pioneer Squad
Construct Infanterie Kompanie
Grenadier Squad
Selects Breakthrough Battlegroup
Selects Assault Grenadiers
MG 42 Machine Gun Team
GrW 34 Mortar Team
Grenadier Squad
Infanterie Officer Quarters
Construct Panzergrenadier Kompanie
MG 42 Machine Gun Team
251 Medium Carrier
Selects Breakthrough
Selects Mechanized Assault Group
Pak 40 Anti-tank Gun Team
Support Elements
Pioneer Squad
Nebelwerfer 42 Rocket Launcher Team
Breakthrough
Mechanized Assault Group
Construct Panzer Kompanie
MG 42 Machine Gun Team
Selects Rapid Production
Selects Blitzkrieg
Sturmpanzer IV Brummbär
Gatom
Smash
不可抱萌物
squashy
Nele
Aikens
0
0

Comments sign in to comment!

No comments posted yet!